 Dungeon Crawl Stone Soup version 0.27-a0-1595-g0b823d0a13 (webtiles) character file.

Game seed: 12549497877282540344

311 Shayle the Grasshopper (level 5, -3/45 HPs)
             Began as a Demigod Warper on July 20, 2021.
             Succumbed to a hornet's poison
             ... on level 5 of the Dungeon.
             The game lasted 00:11:15 (5225 turns).

Shayle the Grasshopper (Demigod Warper)             Turns: 5225, Time: 00:11:15

Health: -3/45      AC:  5    Str: 12    XL:     5   Next: 96%
Magic:  10/10      EV: 11    Int: 19    God:
Gold:   83         SH:  0    Dex: 13    Spells: 2/7 levels left

rFire    . . .     SeeInvis +   a - +2 spear (flame)
rCold    . . .     Faith    .   (no shield)
rNeg     . . .     Spirit   .   t - +0 ring mail
rPois    .         Reflect  .   (no helmet)
rElec    .         Harm     .   (no cloak)
rCorr    .         Rampage  .   (no gloves)
Will     .....                  (no boots)
Stlth    +.........             i - amulet of magic regeneration
HPRegen  0.15/turn              q - ring of flight
MPRegen  0.37/turn              e - ring of see invisible

@: lethally poisoned (-3 -> -33), flying, slowed, very slow
A: high mp 1, forlorn
a: no special abilities


You were on level 5 of the Dungeon.
You visited 1 branch of the dungeon, and saw 5 of its levels.

You collected 274 gold pieces.
You spent 191 gold pieces at shops.

Inventory:

Hand Weapons
 a - a +2 spear of flaming (weapon)
 d - a +0 halberd
Missiles
 f - 40 sling bullets
 j - 5 boomerangs (quivered)
Armour
 b - a +0 leather armour
 n - a +0 kite shield
 s - the +0 robe "Egearchuh" {rElec Int+2 Stlth+}
   (You bought it in a shop on level 3 of the Dungeon)

   Int:       It affects your intelligence (+2).
   rElec:     It insulates you from electricity.
   Stlth:     It makes you more stealthy.
 t - a +0 ring mail (worn)
Magical Staves
 o - a staff of conjuration
Jewellery
 e - a ring of see invisible (right hand)
 g - a ring of ice
 i - an amulet of magic regeneration (around neck)
 q - a ring of flight (left hand)
Scrolls
 h - a scroll of immolation
 m - 2 scrolls of identify
 r - a scroll of fog {unknown}
 u - a scroll of holy word {unknown}
Potions
 c - a potion of lignification
 k - a potion of degeneration
 l - a potion of haste


   Skills:
 + Level 3.0 Fighting
 + Level 3.1 Polearms
 - Level 0.8 Throwing
 - Level 0.8 Armour
 + Level 3.0 Dodging
 - Level 1.7 Spellcasting
 + Level 1.6 Summonings
 + Level 3.6 Translocations
 + Level 1.5 Evocations


You had 2 spell levels left.
You knew the following spells:

 Your Spells              Type           Power      Damage    Failure   Level
a - Blink                 Tloc           N/A        N/A       14%         2
b - Call Canine Familiar  Summ           8%         N/A       52%         3

Your spell library contained the following spells:

 Spells                   Type           Power      Damage    Failure   Level
 Static Discharge         Conj/Air       1%         N/A       52%         2
 Gell's Gravitas          Tloc           7%         N/A       26%         3
 Lesser Beckoning         Tloc           7%         N/A       26%         3
 Teleport Other           Tloc           15%        N/A       26%         3
 Portal Projectile        Hex/Tloc       16%        N/A       50%         3
 Iskenderun's Mystic Bla  Conj/Tloc      8%         2d4       88%         4
 Manifold Assault         Tloc           15%        N/A       94%         5
 Leda's Liquefaction      Hex/Erth       0%         N/A       98%         4
 Fireball                 Conj/Fire      0%         3d3       100%        5
 Fire Storm               Conj/Fire      0%         6d1       100%        9


Dungeon Overview and Level Annotations

Branches:
Dungeon (5/15)
 Temple: D:4-7

Shops:
D:3 *


Innate Abilities, Weirdness & Mutations

Your attributes grow dramatically as you level up.
You have an increased reservoir of magic. (+10% MP)
You shall have no god before yourself.


Message History

There is an open door here.
There is a stone staircase leading down here.
You fly downwards.
Found 5 large rocks, a scroll labelled GIAQ QEOJIGILO and 12 poisoned darts.
There is a stone staircase leading up here.
Found a scroll labelled OTTOTU MOUSS.
A hornet comes into view.
The hornet buzzes angrily.
Casting: Blink (safe; 14% risk of failure)
Confirm with . or Enter, or press ? or * to list all spells.
You blink.
Casting: Blink (safe; 14% risk of failure)
Confirm with . or Enter, or press ? or * to list all spells.
You blink.
u - a scroll labelled GIAQ QEOJIGILO The hornet misses you.
Casting: Blink (safe; 14% risk of failure)
Confirm with . or Enter, or press ? or * to list all spells.
You blink.
The hornet barely misses you.
There is a stone staircase leading up here.
You hit the hornet but do no damage. The hornet stings you!
You feel yourself slow down. The hornet stings you!
You are poisoned.
You suddenly lose the ability to move!
You can move again.
Unknown command.
Okay, then.
You miss the hornet.
You feel yourself speed up.
You feel very sick. The hornet stings you!
* * * LOW HITPOINT WARNING * * *
You are lethally poisoned!
You shrug off the repeated paralysis!
The hornet stings you.
* * * LOW HITPOINT WARNING * * *
You are more poisoned.
You feel yourself slow down.
It was a potion of magic.
Magic courses through your body.
You die...

### ## ##.##
##..#..@####
#......y...##
........#.....###
#....(.##..(....#
...............##
#
..........##..##
##
..........#####
.# .......#..# .#
....?#####


You could see a hornet.

Vanquished Creatures
  A centaur zombie (D:3)
  A centaur skeleton (D:4)
  A jelly (D:4)
  A hound (D:3)
  2 orc priests (D:3)
  An iguana (D:5)
  3 adders
  A worm (D:3)
  3 orcs
  5 bats
  3 bat zombies (D:4)
  5 endoplasms
  A giant cockroach (D:2)
  4 goblins
  8 hobgoblins
  8 jackals
  5 quokkas
  6 ball pythons
  4 frilled lizards
  6 kobolds
  3 rats (D:1)
72 creatures vanquished.

Notes
Turn   | Place    | Note
-------+----------+-------------------------------------------
     0 | D:1      | Shayle the Demigod Warper began the quest for the Orb.
     0 | D:1      | Reached XP level 1. HP: 17/17 MP: 5/5
   545 | D:1      | Reached XP level 2. HP: 24/24 MP: 7/7
  1548 | D:2      | Reached XP level 3. HP: 29/29 MP: 8/8
  1683 | D:2      | HP: 1/29 [poisoned by an adder]
  2063 | D:2      | Learned a level 2 spell: Blink
  2067 | D:2      | Learned a level 3 spell: Call Canine Familiar
  2285 | D:3      | Got Lehudib's Grimoire of Attacks
  2313 | D:3      | Found Muliefog's Assorted Antiques.
  2327 | D:3      | Bought a scroll labelled RUQ MASTEFA for 22 gold pieces
  2327 | D:3      | Bought a scroll labelled PYCKONW MUOG QUEX for 22 gold
                  | pieces
  2327 | D:3      | Bought a scroll labelled KYCSIUCR BUTS for 22 gold pieces
  2999 | D:4      | Reached XP level 4. HP: 36/37 MP: 9/9
  3060 | D:4      | Reached skill level 1 in Summonings
  3635 | D:3      | Reached skill level 1 in Evocations
  3635 | D:3      | Reached XP level 5. HP: 31/42 MP: 10/10
  4953 | D:5      | Entered Level 5 of the Dungeon
  5039 | D:5      | Noticed an ogre
  5089 | D:3      | Bought a distressingly furry robe for 125 gold pieces
  5089 | D:3      | Identified the +0 robe "Egearchuh" {rElec Int+2 Stlth+}
                  | (You bought it in a shop on level 3 of the Dungeon)
  5215 | D:5      | Noticed a hornet
  5223 | D:5      | Paralysed by a hornet for 1 turns
  5225 | D:5      | Succumbed to a hornet's poison

Illustrated notes

Levels and vault maps discovered:
D:1:      evilmike_arrival_rings, layout_basic, serial_rivers,
          chequers_serial_rivers_large_a, chequers_serial_rivers_micro_c,
          chequers_serial_rivers_micro_d, chequers_serial_rivers_large_b
D:2:      layout_rooms, hellmonk_ecumenical_altar_inner_sanctum, basic_altar,
          minivault_26, minmay_pentomino_u2
D:3:      layout_loops_ring, amcnicky_altar_gilded, minitemple, serial_shops,
          nicolae_shop_overgrown_old_shop
D:4:      layout_rooms, lemuel_zombie_altar_kikubaaqudgha, nrook_mini_vaults,
          minmay_misc_feat_roman, grunt_tough_drop
D:5:      cheibrodos_thug_alley, layout_cave_pools, cheibrodos_worm_habitat,
          kennysheep_donut

Skill      XL: |  1  2  3  4  5 |
---------------+----------------+-----
Fighting       | 2 3 |  3.0
Polearms       | 2 3 |  3.1
Dodging        | 2 3 |  3.0
Translocations | 3 |  3.6
Summonings     | 1 |  1.6
Evocations     | 1 |  1.5
Throwing       | |  0.8
Armour         | |  0.8
Spellcasting   | |  1.7

Action                   |  1- 3 |  4- 6 || total
-------------------------+-------+-------++-------
Melee: Spear             |   208 |   100 ||   308
Throw: Boomerang         |    13 |     2 ||    15
 Cast: Blink             |       |     6 ||     6
  Use: Scroll            |     8 |     1 ||     9
       Potion            |     4 |     1 ||     5
Armor: Leather armour    |    66 |    25 ||    91
Dodge: Dodged            |   140 |    58 ||   198

Table legend: (Time is in decaauts)
 A = Elapsed time spent in this place.
 B = Non-inter-level travel time spent in this place.
 C = Inter-level travel time spent in this place.
 D = Time resting spent in this place.
 E = Time spent auto-exploring this place.
 F = Levels seen in this place.
 G = Mean time per level.
                   A        B        C        D        E       F      G
               +--------+--------+--------+--------+--------+-----+--------+
         Total |   5254 |   5042 |    212 |   1177 |   2618 |   5 | 1050.8 |
       Dungeon |   5254 |   5042 |    212 |   1177 |   2618 |   5 | 1050.8 |
               +--------+--------+--------+--------+--------+-----+--------+

Top non-repeatable levels by time:
     D:3: 1451 daAuts
     D:1: 1410 daAuts
     D:2: 1177 daAuts
     D:4: 1094 daAuts
     D:5: 121 daAuts
